[Event "*** SCC Grand Prix: Titled Tuesday Blitz"]
[Site "Chess.com"]
[Date "2020.07.07"]
[Round "1"]
[White "BabyBoss31"]
[Black "Legendinunknown"]
[Result "0-1"]
[WhiteElo "2203"]
[BlackElo "2557"]
[TimeControl "180+1"]
[EndTime "10:05:48 PDT"]
[Termination "Legendinunknown won by resignation"]

1. d4 d5 2. c4 c6 3. Nf3 Nf6 4. g3 g6 5. Bg2 Bg7 6. O-O O-O 7.
cxd5 cxd5 8. Nc3 Nc6 9. Ne5 Be6 10.
Nxc6 bxc6 11. Na4 Nd7 12. Bf4 Qa5 13. Rc1 Rfc8 14. b3 Qb5 15. e3 Bf5 16. Re1 h5 17.
Nc5 e5 18. Nxd7 exf4 19. Nc5 fxe3 20. fxe3 Re8 21. Qe2 Qa5 22. Qf2 Bh6 23. Nb7 Qc7 24. Nc5 Re7 25. Rc3 Rae8 26. b4 Qb6 27. a3 a5 28. Rb3 axb4 29. axb4 Qb5 30. Qf1 Bxe3+ 31. Kh1 Bxd4 32. Rxe7 Qxf1+ 33. Bxf1 Rxe7 0-1

[Event "*** SCC Grand Prix: Titled Tuesday Blitz"]
[Site "Chess.com"]
[Date "2020.07.07"]
[Round "1"]
[White "Na_binci"]
[Black "valeriocarnicelli"]
[Result "0-1"]
[WhiteElo "2049"]
[BlackElo "2496"]
[TimeControl "180+1"]
[EndTime "10:05:48 PDT"]
[Termination "valeriocarnicelli won on time"]

1. d4 Nf6 2. c4 g6 3. Nc3 Bg7 4.
e4 d6 5. Be2 O-O 6. Nf3 Na6 7.
O-O e5 8. d5 Nc5 9. Qc2 a5 10.
b3 Nh5 11. Ne1 Nf4 12. Bf3 f5 13. Be3 b6 14. Rb1 Bd7 15. a3 g5 16. b4 g4 17.
bxc5 gxf3 18. Nxf3 bxc5 19. Bxf4 exf4 20. Qd2 Bxc3 21.
Qxc3 fxe4 22. Nd2 Bf5 23. Rb7 Qd7 24. Rfb1 Rae8 25. Re1 Qf7 26. Qxa5 e3 27. fxe3 fxe3 28. Nf3 Re7 29. Qc3 Rfe8 30. Rb3 Bg4 0-1

[Event "*** SCC Grand Prix: Titled Tuesday Blitz"]
[Site "Chess.com"]
[Date "2020.07.07"]
[Round "1"]
[White "Susal_De_Silva"]
[Black "GukeshDommaraju"]
[Result "0-1"]
[WhiteElo "2380"]
[BlackElo "2710"]
[TimeControl "180+1"]
[EndTime "10:05:49 PDT"]
[Termination "GukeshDommaraju won by resignation"]

1. e4 c5 2. Nf3 d6 3. Bb5+ Bd7 4. Bxd7+ Qxd7 5. c4 Nf6 6. Nc3 Nc6 7. O-O g6 8.
d4 cxd4 9. Nxd4 Bg7 10. Be3 O-O 11. h3 Rac8 12. b3 e6 13. Qd2 Rfd8 14. Rad1 a6 15.
a4 Qe8 16. Nde2 Nb4 17. Bb6 Rd7 18. Ng3 d5 19. exd5 exd5 20. Rfe1 Qf8 21. cxd5 Nfxd5 22.
Nxd5 Nxd5 23. Bd4 Nc3 24. Bxg7 Rxd2 25. Bxf8 Rxd1 26. Rxd1 Nxd1 27. Bd6 Rc3 28. b4 Rc1 29.
Nf1 Nc3 30. a5 Ne2+ 0-1

[Event "*** SCC Grand Prix: Titled Tuesday Blitz"]
[Site "Chess.com"]
[Date "2020.07.07"]
[Round "1"]
[White "Konek-Gorbunok"]
[Black "cassoulet"]
[Result "0-1"]
[WhiteElo "2301"]
[BlackElo "2626"]
[TimeControl "180+1"]
[EndTime "10:05:50 PDT"]
[Termination "cassoulet won on time"]

1. d4 d5 2. Nf3 Nf6 3. g3 g6 4.
Bg2 Bg7 5. O-O O-O 6. Ne5 Nbd7 7. c4 dxc4 8. Nxc4 Nb6 9. Ne5 c6 10. Nc3 Nfd5 11. Nf3 Nxc3 12. bxc3 Nd5 13. Bb2 Nb6 14. Qd3 Be6 15. Nd2 Bd5 16. e4 Be6 17. Rfd1 Na4 18. Ba3 Qc7 19. Rac1 Rfd8 20. Qc2 Nb6 21. Bb4 Nc4 22.
Nxc4 Bxc4 23. a4 e5 24. Qb2 Qb6 25. Ba3 Bb3 26. Rd2 Bxa4 27. Qxb6 axb6 28. Be7 Rd7 0-1

[Event "*** SCC Grand Prix: Titled Tuesday Blitz"]
[Site "Chess.com"]
[Date "2020.07.07"]
[Round "1"]
[White "RaunakSadhwani2005"]
[Black "Irishchessman16"]
[Result "1-0"]
[WhiteElo "2920"]
[BlackElo "2449"]
[TimeControl "180+1"]
[EndTime "10:05:51 PDT"]
[Termination "RaunakSadhwani2005 won by resignation"]

1. c4 f5 2. d4 Nf6 3. Nc3 e6 4. a3 b6 5. Nf3 Bb7 6. g3 Be7 7. Bg2 O-O 8. O-O Qe8 9. d5 Ne4 10. Nxe4 fxe4 11. Nd4 exd5 12. cxd5 Bxd5 13. Nb5 c6 14. Nc7 Qf7 15. Nxa8 Na6 16. Nxb6 axb6 17. Be3 Nc5 18. b4 Nb3 19. Rb1 b5 20. Qc2 Qe6 21.
Rfd1 Bc4 22. Qxe4 Qxe4 23. Bxe4 d5 24. Bc2 d4 25. Bf4 g5 26. Be5 d3 27. exd3 1-0

[Event "*** SCC Grand Prix: Titled Tuesday Blitz"]
[Site "Chess.com"]
[Date "2020.07.07"]
[Round "1"]
[White "Jenia84"]
[Black "zaur-mammadov"]
[Result "0-1"]
[WhiteElo "2236"]
[BlackElo "2575"]
[TimeControl "180+1"]
[EndTime "10:05:51 PDT"]
[Termination "zaur-mammadov won by resignation"]

1. e4 e6 2. d4 d5 3. exd5 exd5 4.
Bd3 Nc6 5. c3 Bd6 6. Ne2 Nge7 7. Bf4 O-O 8. O-O Bg4 9. Bxd6 Qxd6 10.
h3 Bh5 11. Nd2 Rae8 12. Re1 Nd8 13. Nf1 Ne6 14. Nfg3 Bg6 15. Bxg6 fxg6 16. Qd2 h5 17.
Nf1 Nf5 18. Ne3 Nh4 19. Rf1 Ng5 20. f4 Ne4 21. Qd3 Qe6 22. Rae1 c6 23. f5 Nxf5 24. Nxf5 Rxf5 25. Rxf5 Qxf5 26. Rf1 Qg5 27. Qf3 Kh7 28. Qf7 Qe3+ 29. Kh2 Qxe2 30. Rf3 0-1

[Event "*** SCC Grand Prix: Titled Tuesday Blitz"]
[Site "Chess.com"]
[Date "2020.07.07"]
[Round "1"]
[White "tk22h"]
[Black "stoleriu"]
[Result "1-0"]
[WhiteElo "2290"]
[BlackElo "2586"]
[TimeControl "180+1"]
[EndTime "10:05:53 PDT"]
[Termination "tk22h won by resignation"]

1. c4 e5 2. Nc3 Nc6 3. Nf3 g6 4. d4 Bg7 5. dxe5 Nxe5 6. Nxe5 Bxe5 7. Bd2 Bg7 8. g3 Ne7 9. Bg2 O-O 10. O-O d6 11.
Rc1 c6 12. b3 Be6 13. h3 Qd7 14. Kh2 Rad8 15. e3 d5 16. cxd5 Nxd5 17. Nxd5 Bxd5 18.
Bb4 Rfe8 19. Bxd5 Qxd5 20. Qxd5 Rxd5 21. Rfd1 Red8 22. Rxd5 Rxd5 23. Kg2 a5 24. Be1 Kf8 25. Kf3 Ke7 26. Ke2 Ke6 27. Rc4 f5 28. Bd2 Be5 29. e4 fxe4 30. Rxe4 Kf5 31. Rh4 h5 32. g4+ hxg4 33. hxg4+ Kf6 34. Rh7 Rb5 35. f4 Bd4 36. Kd3 Ba1 37. Ke4 Rd5 38. Be3 Rb5 39. Rh1 a4 40. Rxa1 axb3 41. axb3 Rxb3 42. Bd4+ Ke6 43.
f5+ gxf5+ 44. gxf5+ Kf7 45. Rh1 Rb5 46. Rh7+ Ke8 47.
Be5 Rb4+ 48. Ke3 Rb1 49. Kf4 b5 50. f6 Rf1+ 51. Ke4 b4 52. Rb7 c5 53. Kd5 1-0

[Event "*** SCC Grand Prix: Titled Tuesday Blitz"]
[Site "Chess.com"]
[Date "2020.07.07"]
[Round "1"]
[White "Gusarov91"]
[Black "comsac"]
[Result "1-0"]
[WhiteElo "2586"]
[BlackElo "2249"]
[TimeControl "180+1"]
[EndTime "10:05:54 PDT"]
[Termination "Gusarov91 won by resignation"]

1. d4 d5 2. Nf3 e6 3. c4 Nf6 4. Nc3 Be7 5. Bg5 h6 6. Bh4 b6 7. Bxf6 Bxf6 8. cxd5 exd5 9. e3 O-O 10.
Bd3 Be6 11. O-O Nd7 12. Rc1 c5 13. dxc5 bxc5 14. b3 Qa5 15. Na4 Rfc8 16. Qd2 Qxd2 17. Nxd2 Ne5 18. Ba6 Rc7 19. Rxc5 Rxc5 20. Nxc5 Bf5 21.
Rc1 Rd8 22. Nf3 Nxf3+ 23. gxf3 Bc8 24. Bxc8 Rxc8 25. Nd3 Rxc1+ 26. Nxc1 Kf8 27. f4 Ke7 28. Kf1 Kd6 29. Ke2 a5 30. Nd3 Bc3 31. f3 f5 32.
h3 g5 33. fxg5 hxg5 34. Nf2 Bf6 35. Kd3 Kc5 36. e4 fxe4+ 37. fxe4 Be7 38. e5 Kb4 39.
Kc2 Ka3 40. Kb1 a4 41. bxa4 Kxa4 42. Nd3 Kb5 43. Kc2 Kc4 44. a4 Bd8 45. e6 d4 46.
a5 Kd5 47. a6 Bb6 48. e7 1-0

[Event "*** SCC Grand Prix: Titled Tuesday Blitz"]
[Site "Chess.com"]
[Date "2020.07.07"]
[Round "1"]
[White "Morshynska"]
[Black "Haykoooo0o"]
[Result "0-1"]
[WhiteElo "2182"]
[BlackElo "2537"]
[TimeControl "180+1"]
[EndTime "10:05:54 PDT"]
[Termination "Haykoooo0o won on time"]

1. e4 c5 2. Nf3 Nc6 3. d4 cxd4 4. Nxd4 e5 5. Nb5 a6 6. Nd6+ Bxd6 7. Qxd6 Qf6 8. Qxf6 Nxf6 9. Nc3 d6 10. Bg5 Be6 11. O-O-O O-O-O 12. f3 h6 13. Bxf6 gxf6 14. g4 Ne7 15. h4 d5 16. h5 d4 17. Na4 Kc7 18.
Nc5 Kc6 19. Nd3 b5 20. Be2 Bc4 21. Nb4+ Kb6 22. Bxc4 bxc4 23. a3 a5 24. Na2 Kc5 25.
Kd2 Rb8 26. Rb1 Nc6 27. Rhc1 Rhd8 28. b4+ axb4 29. Nxb4 Nxb4 30. axb4+ Rxb4 31. Rxb4 Kxb4 32. Rb1+ Kc5 33. Rb7 d3 34. Rxf7 c3+ 35. Kd1 d2 36. Rc7+ Kd4 0-1

[Event "*** SCC Grand Prix: Titled Tuesday Blitz"]
[Site "Chess.com"]
[Date "2020.07.07"]
[Round "1"]
[White "Nemsko"]
[Black "Rodalquilar"]
[Result "0-1"]
[WhiteElo "2304"]
[BlackElo "2629"]
[TimeControl "180+1"]
[EndTime "10:05:55 PDT"]
[Termination "Rodalquilar won by resignation"]

1. e4 Nf6 2. e5 Nd5 3. d4 d6 4. c4 Nb6 5. exd6 cxd6 6. h3 g6 7. Nf3 Bg7 8. Be2 O-O 9. O-O Nc6 10. Be3 Bf5 11. Nc3 d5 12. c5 Nc8 13. a3 e6 14.
b4 N8e7 15. Qd2 Be4 16. Ng5 Nf5 17. Ngxe4 dxe4 18. Nxe4 Ncxd4 19. Rad1 Qh4 20. Bd3 h6 21. f3 Rad8 22. Bf2 Qe7 23. Qa2 Be5 24. Bc4 Bb8 25. Nd6 Bxd6 26. cxd6 Rxd6 27. Rd2 Rfd8 28. Rfd1 Qg5 29.
Kh1 Nxf3 30. Rxd6 Rxd6 31. Rxd6 Qc1+ 0-1

[Event "*** SCC Grand Prix: Titled Tuesday Blitz"]
[Site "Chess.com"]
[Date "2020.07.07"]
[Round "1"]
[White "Vesper2018"]
[Black "HarryCun"]
[Result "1-0"]
[WhiteElo "2534"]
[BlackElo "2172"]
[TimeControl "180+1"]
[EndTime "10:05:55 PDT"]
[Termination "Vesper2018 won by resignation"]

1. e4 c6 2. d4 d5 3. e5 Bf5 4. Nf3 e6 5. Be2 Nd7 6. O-O Ne7 7. c3 c5 8. dxc5 Nc6 9. Nd4 Ndxe5 10.
Nxf5 exf5 11. b4 a5 12. Bb5 axb4 13. Re1 f6 14. cxb4 Be7 15. Nc3 O-O 16. Nxd5 Re8 17. Bb2 Bxc5 18. bxc5 Ra5 19. a4 b6 20. Qb3 bxc5 21.
Bxe5 fxe5 22. Ne7+ Kh8 23. Nxc6 1-0

[Event "*** SCC Grand Prix: Titled Tuesday Blitz"]
[Site "Chess.com"]
[Date "2020.07.07"]
[Round "1"]
[White "UCantHandleDenker"]
[Black "Vision_64"]
[Result "1-0"]
[WhiteElo "2539"]
[BlackElo "2185"]
[TimeControl "180+1"]
[EndTime "10:05:56 PDT"]
[Termination "UCantHandleDenker won by resignation"]

1. Nf3 Nf6 2. g3 b6 3. Bg2 Bb7 4. O-O e6 5. c4 c5 6. Nc3 Be7 7. d4 cxd4 8. Qxd4 d6 9. Rd1 a6 10. Bg5 Nbd7 11. Qd2 O-O 12. Bf4 Ne8 13. Rac1 Rc8 14.
b3 Ndf6 15. h3 d5 16. Ne5 Bb4 17. Qe3 Bc5 18. Qd3 Nc7 19. Na4 Ba3 20. Rc2 b5 21. Nb6 bxc4 22. bxc4 dxc4 23. Nexc4 Qxd3 24. Rxd3 Bxg2 25. Kxg2 Nb5 26. Nxc8 Rxc8 27. Nxa3 1-0

[Event "*** SCC Grand Prix: Titled Tuesday Blitz"]
[Site "Chess.com"]
[Date "2020.07.07"]
[Round "1"]
[White "ega2006"]
[Black "abykhovsky"]
[Result "0-1"]
[WhiteElo "2365"]
[BlackElo "2685"]
[TimeControl "180+1"]
[EndTime "10:05:59 PDT"]
[Termination "abykhovsky won by resignation"]

1. c4 c5 2. Nc3 g6 3. Nf3 Bg7 4. e3 Nf6 5. d4 cxd4 6. exd4 O-O 7. Be2 d5 8. O-O Nc6 9. cxd5 Nxd5 10. Bc4 Nb6 11. Bb3 Nxd4 12. Be3 Nxb3 13. Qxb3 Be6 14. Qb4 Nd5 15. Qh4 Nxe3 16. fxe3 h6 17. Rad1 Qb6 18. Nd4 g5 19. Qf2 Rad8 20. Nxe6 Qxe6 21. Rxd8 Rxd8 22.
Qf3 Rd7 23. Rd1 Rxd1+ 24. Nxd1 Qxa2 25. Qxb7 Qb1 26. Qc8+ Kh7 27. Qd7 Bxb2 28. Kf1 Bf6 29. Ke1 a5 30. Ke2 Kg7 31. Nf2 Qc2+ 32. Kf3 a4 33.
Ne4 a3 34. Nxf6 exf6 35. Qa7 Qb2 36. h4 a2 37. hxg5 hxg5 0-1

[Event "*** SCC Grand Prix: Titled Tuesday Blitz"]
[Site "Chess.com"]
[Date "2020.07.07"]
[Round "1"]
[White "Rozum_Ivan"]
[Black "lucachess49"]
[Result "0-1"]
[WhiteElo "2655"]
[BlackElo "2381"]
[TimeControl "180+1"]
[EndTime "10:05:59 PDT"]
[Termination "lucachess49 won by resignation"]

1. d4 Nf6 2. Nf3 e6 3. c4 a6 4.
Nc3 d5 5. cxd5 exd5 6. Bg5 Be6 7. e3 Nbd7 8. Bd3 c6 9. O-O Bd6 10. a3 O-O 11. b4 h6 12. Bf4 Qc7 13. Bxd6 Qxd6 14. Rb1 b5 15. Nd2 a5 16. bxa5 Rxa5 17. a4 b4 18. Na2 Rb8 19. Bc2 c5 20. dxc5 Nxc5 21. Rxb4 Rxb4 22. Nxb4 Nxa4 23. Nd3 Nc3 24. Qf3 Ra2 25. Rc1 Bg4 0-1

[Event "*** SCC Grand Prix: Titled Tuesday Blitz"]
[Site "Chess.com"]
[Date "2020.07.07"]
[Round "1"]
[White "A-Fier"]
[Black "Aureliano-Buendia"]
[Result "1-0"]
[WhiteElo "2777"]
[BlackElo "2410"]
[TimeControl "180+1"]
[EndTime "10:06:00 PDT"]
[Termination "A-Fier won by resignation"]

1. e4 e5 2. Nf3 Nc6 3. Bb5 Nf6 4.
d3 Bc5 5. Bxc6 dxc6 6. O-O Qe7 7. Nbd2 Bg4 8. h3 Bxf3 9. Nxf3 Nd7 10. c3 O-O 11. Re1 Rad8 12. d4 Bb6 13. a4 a5 14.
Qb3 Kh8 15. Be3 Rfe8 16. dxe5 Bxe3 17. Rxe3 Kg8 18. Qxb7 Rb8 19. Qxc6 Rxb2 20. Qxc7 Nxe5 21. Qxe5 Qxe5 22. Nxe5 Rxe5 23. Rd1 g6 24. Rd5 Rxd5 25. exd5 Ra2 26. Re4 f5 27. Rd4 Kf7 28. d6 Ke8 29. d7+ Kd8 30. h4 Ra3 31. h5 Rxc3 32. h6 Rc7 33.
Rd5 Rxd7 34. Rxa5 Ke7 35. Ra6 Kf7 36. f4 Rd4 37. g3 Rb4 38. Kg2 Rb2+ 39. Kh3 Ra2 40.
a5 Ke7 41. Ra8 Kf7 42. a6 Ke7 43. a7 1-0

[Event "*** SCC Grand Prix: Titled Tuesday Blitz"]
[Site "Chess.com"]
[Date "2020.07.07"]
[Round "1"]
[White "AndrewMaco"]
[Black "snap_man"]
[Result "1-0"]
[WhiteElo "2619"]
[BlackElo "2296"]
[TimeControl "180+1"]
[EndTime "10:06:00 PDT"]
[Termination "AndrewMaco won by checkmate"]

1. e4 c6 2. d4 d5 3. e5 Bf5 4.
Nf3 e6 5. Be2 Bb4+ 6. Nbd2 Ba5 7.
O-O h6 8. Nb3 Bc7 9. a4 a5 10.
Ne1 Ne7 11. Nd3 O-O 12. g4 Bh7 13. f4 Nd7 14. Be3 Be4 15. Nf2 f5 16. Nxe4 fxe4 17. Kh1 Ng6 18. f5 Nh4 19. fxe6 Nb6 20. Nc5 Qe7 21.
b3 Rxf1+ 22. Qxf1 Rf8 23. Qh3 Nf3 24. Rf1 Ng5 25. Qg2 Rxf1+ 26. Qxf1 Nxe6 27. Nxb7 Bxe5 28. Nxa5 Bxd4 29. Nxc6 Qc5 30. Nxd4 Nxd4 31. Qf2 Qxc2 32. Bxd4 Nd7 33. Bb5 Qd1+ 34. Bf1 Qxb3 35. a5 Nb8 36. a6 Nxa6 37. Bxa6 Qd1+ 38. Bf1 Qxg4 39. Be2 Qg5 40. Qg3 Qc1+ 41. Kg2 Qd2 42. Qxg7# 1-0

[Event "*** SCC Grand Prix: Titled Tuesday Blitz"]
[Site "Chess.com"]
[Date "2020.07.07"]
[Round "1"]
[White "ehrenfeld"]
[Black "Alexandercs432"]
[Result "1-0"]
[WhiteElo "2526"]
[BlackElo "2150"]
[TimeControl "180+1"]
[EndTime "10:06:00 PDT"]
[Termination "ehrenfeld won by checkmate"]

1. e4 c5 2. d3 Nc6 3. f4 d5 4. Be2 dxe4 5. dxe4 Qxd1+ 6. Bxd1 Nf6 7. Nc3 a6 8. Be3 e5 9. Nf3 Bd6 10. fxe5 Nxe5 11.
Nxe5 Bxe5 12. Bxc5 Bxc3+ 13. bxc3 Nxe4 14. Bd4 O-O 15.
O-O Be6 16. Bf3 Nd2 17. Bxb7 Nxf1 18. Bxa8 Nxh2 19. Bb7 Ng4 20. Bxa6 Ra8 21. Be2 h5 22. a4 g6 23. a5 Bd5 24. a6 Nh6 25. a7 Nf5 26. Bf3 Bxf3 27. gxf3 Ne7 28. Rb1 Nc6 29. Rb6 Rxa7 30. Rxc6 Ra2 31. Rc8+ Kh7 32. Rh8# 1-0

[Event "*** SCC Grand Prix: Titled Tuesday Blitz"]
[Site "Chess.com"]
[Date "2020.07.07"]
[Round "1"]
[White "Gennady_Kozlov"]
[Black "TimKett"]
[Result "1-0"]
[WhiteElo "2531"]
[BlackElo "2164"]
[TimeControl "180+1"]
[EndTime "10:06:01 PDT"]
[Termination "Gennady_Kozlov won on time"]

1. b3 g6 2. Bb2 Nf6 3. e3 Bg7 4.
f4 O-O 5. Nf3 b6 6. Be2 Bb7 7.
O-O d6 8. a4 Nbd7 9. Na3 e5 10.
fxe5 Ng4 11. Rb1 Ngxe5 12. Nxe5 dxe5 13. Bf3 e4 14. Bxg7 Kxg7 15. Be2 Ne5 16. Nc4 Nxc4 17. Bxc4 Bd5 18. Ba6 Qd7 19. Qe2 Rad8 20. Rf2 f5 21. Rbf1 Qd6 22. d4 exd3 23. Bxd3 Be4 24. Bxe4 fxe4 25.
Qc4 Rxf2 26. Rxf2 Qe7 27. Rf4 Rd1+ 28. Kf2 Rd2+ 29. Kf1 Rd1+ 30. Ke2 Qd7 31. Qc3+ Kh6 32. Rxe4 Rg1 33. Kf2 Qd1 34. Kg3 Qf1 35. Rh4+ Kg5 36. Qe5+ Qf5 37. Qxf5+ gxf5 38. Rxh7 1-0

[Event "*** SCC Grand Prix: Titled Tuesday Blitz"]
[Site "Chess.com"]
[Date "2020.07.07"]
[Round "1"]
[White "Blagorod"]
[Black "Oglob71"]
[Result "1/2-1/2"]
[WhiteElo "2097"]
[BlackElo "2498"]
[TimeControl "180+1"]
[EndTime "10:06:01 PDT"]
[Termination "Game drawn by repetition"]

1. e4 c5 2. Nc3 a6 3. g3 b5 4. Bg2 Bb7 5. d3 e6 6. f4 Nf6 7. Nf3 b4 8. Ne2 d5 9. e5 Nfd7 10. O-O Nc6 11. Be3 a5 12. c3 a4 13. d4 a3 14. b3 bxc3 15. dxc5 Qa5 16. Rc1 Ba6 17.
Re1 Bxe2 18. Rxe2 Bxc5 19. Kh1 Rc8 20. Bxc5 Qxc5 21. Rec2 Nb4 22. Rxc3 Qxc3 23. Rxc3 Rxc3 24. Qd2 d4 25. Nxd4 Nxa2 26. Bc6 O-O 27. Bxd7 Rd8 28. Qxa2 Rxd7 29. Ne2 Rcd3 30. Qxa3 h5 31. Kg2 Rd2 32.
Kf2 R7d3 33. Qa8+ Kh7 34. b4 Rb3 35. Qe4+ g6 36. h3 Rdb2 37. Qb7 Kg7 38. Qe7 Rxb4 39. Qf6+ Kg8 40. Qd8+ Kh7 41. Qf6 Rb7 42. g4 hxg4 43. hxg4 Kg8 44. Qd8+ Kg7 45. Qf6+ Kg8 46. Qd8+ Kh7 47.
Qh4+ Kg8 48. Qd8+ 1/2-1/2

[Event "*** SCC Grand Prix: Titled Tuesday Blitz"]
[Site "Chess.com"]
[Date "2020.07.07"]
[Round "1"]
[White "2nd_life"]
[Black "OparinGrigoriy"]
[Result "0-1"]
[WhiteElo "2452"]
[BlackElo "2939"]
[TimeControl "180+1"]
[EndTime "10:06:02 PDT"]
[Termination "OparinGrigoriy won on time"]

1. e4 e5 2. f4 d5 3. exd5 exf4 4.
Nf3 Nf6 5. Nc3 Nxd5 6. Nxd5 Qxd5 7. d4 Be7 8. Be2 g5 9. O-O Bf5 10. c4 Qd6 11. c5 Qf6 12. Qb3 Nc6 13. Qxb7 O-O 14.
Kh1 Nxd4 15. Nxd4 Qxd4 16. Qxc7 Qxc5 17. Qxc5 Bxc5 18. g3 Rae8 19. Bf3 g4 20. Bc6 Re6 21.
Bb7 Rb8 22. Bd5 Rd8 23. Bb7 Rb6 24. Bxf4 Rxb7 0-1

[Event "*** SCC Grand Prix: Titled Tuesday Blitz"]
[Site "Chess.com"]
[Date "2020.07.07"]
[Round "1"]
[White "platy3"]
[Black "jerry_77"]
[Result "1-0"]
[WhiteElo "2791"]
[BlackElo "2412"]
[TimeControl "180+1"]
[EndTime "10:06:02 PDT"]
[Termination "platy3 won by resignation"]

1. e4 c6 2. Nf3 d5 3. d3 dxe4 4.
dxe4 Qxd1+ 5. Kxd1 Bg4 6. Be2 Nf6 7. Nfd2 Nbd7 8. a4 e5 9. f3 Be6 10. Bc4 Bxc4 11. Nxc4 Be7 12. Be3 b6 13. Nbd2 Bd8 14. Nd6+ Ke7 15. Nf5+ Kf8 16. c3 Bc7 17. Kc2 g6 18.
Ng3 Ke7 19. Nc4 Nf8 20. a5 b5 21. Bc5+ Ke6 22. Bxf8 Rhxf8 23. Nd2 a6 24. Nb3 Bd6 25.
Rhd1 Rfd8 26. Rd2 Be7 27. Rad1 Rxd2+ 28. Rxd2 c5 29. c4 bxc4 30. Nc1 Ne8 31. Nf1 Rb8 32. Ne3 Nd6 33. Ne2 Rb5 34. Nc3 Rxa5 35. Kb1 Bg5 36.
Rxd6+ Kxd6 37. Nxc4+ Ke6 38. Nxa5 Be3 39. Nc4 Bd4 40.
Kc2 f5 41. Kd3 h5 42. b3 h4 43.
h3 Kf6 44. Nd5+ Kg5 45. Nd6 fxe4+ 46. Kxe4 1-0

[Event "*** SCC Grand Prix: Titled Tuesday Blitz"]
[Site "Chess.com"]
[Date "2020.07.07"]
[Round "1"]
[White "NormWeinstein"]
[Black "GigaQuparadze"]
[Result "0-1"]
[WhiteElo "2435"]
[BlackElo "2876"]
[TimeControl "180+1"]
[EndTime "10:06:03 PDT"]
[Termination "GigaQuparadze won by resignation"]

1. e4 c5 2. Nf3 e6 3. Nc3 a6 4. g3 b5 5. Bg2 Bb7 6. d4 cxd4 7. Nxd4 Ne7 8. O-O Nbc6 9. Nxc6 Nxc6 10. Re1 Ne5 11. Bf4 d6 12. a4 b4 13. Na2 a5 14.
c3 bxc3 15. Nxc3 Be7 16. Nb5 Rc8 17. Qd4 O-O 18. Nxd6 Bxd6 19. Bxe5 Bb4 20. Qxd8 Rfxd8 21. Red1 f6 22. Bd4 e5 23. Bb6 Rxd1+ 24. Rxd1 h5 25.
h4 Rc2 26. b3 Rc3 27. Rd7 Ba6 28. Ra7 Be2 29. Bxa5 Bxa5 30. Rxa5 Rxb3 31. f3 Bxf3 32. Bxf3 Rxf3 33. Ra8+ Kh7 34. Kg2 Re3 35. Rb8 Rxe4 36. a5 Ra4 37. Rb5 Kg6 38. Kf3 Kf5 39. Rc5 Ra3+ 40. Kf2 g5 41. hxg5 Kxg5 42. Rb5 h4 43.
gxh4+ Kxh4 44. Rb6 Kg5 45. Rb5 Kf4 46. Ke2 e4 47. Kd2 f5 48. Kc2 e3 0-1

[Event "*** SCC Grand Prix: Titled Tuesday Blitz"]
[Site "Chess.com"]
[Date "2020.07.07"]
[Round "1"]
[White "BocharovD"]
[Black "if_name_main_a"]
[Result "1-0"]
[WhiteElo "2745"]
[BlackElo "2399"]
[TimeControl "180+1"]
[EndTime "10:06:04 PDT"]
[Termination "BocharovD won by resignation"]

1. c4 c5 2. g3 Nc6 3. Bg2 g6 4. Nf3 Bg7 5. O-O e6 6. Nc3 Nge7 7. d3 O-O 8. Bf4 a6 9. Qd2 Nf5 10. e4 Nfe7 11. Bh6 d6 12. Bxg7 Kxg7 13. a3 Rb8 14. d4 b5 15. cxb5 axb5 16. Rad1 Qb6 17. d5 Ne5 18. Nxe5 dxe5 19. d6 Nc6 20. d7 Bb7 21.
Qd6 Rfd8 22. Nd5 Qa7 23. Nc7 Nd4 24. Qxe5+ Kg8 25. Ne8 Rxe8 26. dxe8=Q+ Rxe8 27. Qc7 Rc8 28. Qe7 Qa8 29. Rfe1 Nb3 30. Rd7 Re8 31. Qxf7+ 1-0

[Event "*** SCC Grand Prix: Titled Tuesday Blitz"]
[Site "Chess.com"]
[Date "2020.07.07"]
[Round "1"]
[White "RestartingChess"]
[Black "Margarita2907"]
[Result "1-0"]
[WhiteElo "2503"]
[BlackElo "2085"]
[TimeControl "180+1"]
[EndTime "10:06:04 PDT"]
[Termination "RestartingChess won by resignation"]

1. e4 c5 2. Nf3 d6 3. Bb5+ Nd7 4.
c4 a6 5. Bxd7+ Bxd7 6. Nc3 Nf6 7. d4 cxd4 8. Qxd4 g6 9. Bg5 Bg7 10. Qd2 O-O 11. O-O Rc8 12. b3 Qc7 13. Bxf6 Bxf6 14. Nd5 Qc5 15. Nxf6+ exf6 16. Rad1 Bc6 17. Qxd6 Qxd6 18.
Rxd6 Bxe4 19. Rxf6 Kg7 20. Rf4 Bc6 21. Ne5 Rcd8 22.
Nxc6 bxc6 23. Re1 Rd2 24. h4 Rxa2 25. Re7 Rb2 26. Rf3 h5 27. Rc7 a5 28. Rxc6 Rb8 29.
Rc7 R8xb3 30. Rfxf7+ Kg8 31. Rg7+ Kf8 32. Rxg6 a4 33.
Ra6 Rb8 34. Rxa4 Re2 35. Ra5 Ke8 36. Rxh5 Rb1+ 37. Kh2 Kd8 38. Ra7 Re8 39. Ra8+ Ke7 40. Rh7+ Kf8 41. Rh8+ 1-0

[Event "*** SCC Grand Prix: Titled Tuesday Blitz"]
[Site "Chess.com"]
[Date "2020.07.07"]
[Round "1"]
[White "anesar92"]
[Black "malandragem"]
[Result "1-0"]
[WhiteElo "2716"]
[BlackElo "2387"]
[TimeControl "180+1"]
[EndTime "10:06:05 PDT"]
[Termination "anesar92 won by resignation"]

1. e4 c5 2. Nf3 d6 3. d4 cxd4 4. Nxd4 Nf6 5. Nc3 g6 6. f4 Bg7 7. e5 dxe5 8. fxe5 Nfd7 9. e6 Ne5 10. Bb5+ Nbc6 11. exf7+ Kxf7 12. O-O+ Bf6 13. Nxc6 bxc6 14. Bf4 Qb6+ 15. Kh1 Rd8 16. Qe1 cxb5 17. Bxe5 Bf5 18. Qg3 Rac8 19. Rae1 b4 20. Bxf6 exf6 21. Qh4 h5 22.
Ne4 Bxe4 23. Qxe4 Re8 24. Qd5+ Kg7 25. Qd7+ Kh6 26. Rxe8 Rxe8 27. Qxe8 Qc5 28. Qe2 Qe5 29.
Qxe5 fxe5 30. h4 1-0

[Event "*** SCC Grand Prix: Titled Tuesday Blitz"]
[Site "Chess.com"]
[Date "2020.07.07"]
[Round "1"]
[White "Sammed_Shete"]
[Black "IMUffeVinther-Schou"]
[Result "1-0"]
[WhiteElo "2592"]
[BlackElo "2254"]
[TimeControl "180+1"]
[EndTime "10:06:05 PDT"]
[Termination "Sammed_Shete won by resignation"]

1. e4 c6 2. Nf3 d5 3. Nc3 g6 4. d4 Bg7 5. h3 Nf6 6. e5 Ne4 7. Nxe4 dxe4 8. Ng5 c5 9. Bb5+ Bd7 10.
Bxd7+ Qxd7 11. dxc5 Qc6 12. Qd4 Nd7 13. Qxe4 Qxc5 14.
e6 Ne5 15. exf7+ Nxf7 16. Nxf7 O-O 17. O-O Rxf7 18. c3 Qb5 19. a4 Qa6 20. Be3 Raf8 21. Rfd1 e5 22. Rd2 Rf5 23. Rad1 b6 24. b3 Kh8 25. c4 Qc8 26. Rd7 R5f7 27. Rxf7 Rxf7 28. Rd6 Rd7 29. Rxd7 Qxd7 30. Qa8+ 1-0

[Event "*** SCC Grand Prix: Titled Tuesday Blitz"]
[Site "Chess.com"]
[Date "2020.07.07"]
[Round "1"]
[White "GoingKronos"]
[Black "Kate1606"]
[Result "1-0"]
[WhiteElo "2469"]
[BlackElo "1419"]
[TimeControl "180+1"]
[EndTime "10:06:05 PDT"]
[Termination "GoingKronos won by resignation"]

1. d4 Nf6 2. Nf3 e6 3. c4 Bb4+ 4. Bd2 Qe7 5. g3 Nc6 6. Nc3 d6 7. Bg2 Bxc3 8. Bxc3 Ne4 9. Rc1 Nxc3 10. Rxc3 O-O 11.
d5 Nb8 12. dxe6 fxe6 13. Nd4 e5 14. Nc2 Nc6 15. Ne3 Be6 16. O-O Rab8 17. Nd5 Bxd5 18.
cxd5 Nd4 19. e3 Nf5 20. Qc2 Rbc8 21. Rc1 Rf7 22. Qa4 a6 23. Bh3 g6 24. e4 Nd4 25. Bxc8 Ne2+ 26. Kg2 Qf8 27. Be6 Nxc1 28. Rxc1 Kg7 29. Bxf7 Qxf7 30. Qd1 h5 31. Qf3 1-0